 Dungeon Crawl Stone Soup version 0.29-a0-542-g075992c915 (webtiles) character file.

Game seed: 11317382714438061131

9 oldriver the Sneak (level 2, -2/23 HPs)
             Began as a Palentonga Delver on June 5, 2022.
             Slain by a phantom (4 damage)
             ... on level 5 of the Dungeon.
             The game lasted 00:01:22 (549 turns).

oldriver the Sneak (Palentonga Delver)               Turns: 549, Time: 00:01:23

Health: -2/23      AC:  4    Str: 17    XL:     2   Next: 6%
Magic:  2/2        EV:  9    Int:  8    God:
Gold:   0          SH:  0    Dex: 11    Spells: 1/1 levels left

rFire   . . .      SeeInvis +   a - +0 hand axe
rCold   . . .      Faith    .   (no shield)
rNeg    . . .      Spirit   .   b - +0 leather armour
rPois   .          Reflect  .   (no helmet)
rElec   .          Harm     .   (no cloak)
rCorr   .          Rampage  .   (no gloves)
Will    .....                   (no barding)
Stlth   ++........              (no amulet)
HPRegen 0.07/turn               (no ring)
MPRegen 0.08/turn               (no ring)

@: hasted, very quick
A: large, rugged brown scales 3, see invisible, deformed body, roll 1, armoured
tail, dopey 1, frail 1, strong 1
a: Rolling Charge


You were on level 5 of the Dungeon.
You visited 1 branch of the dungeon, and saw 2 of its levels.

Inventory:

Hand Weapons
 a - a +0 hand axe (weapon)
Armour
 b - a +0 leather armour (worn)
Jewellery
 i - a ring of fire
Wands
 g - a wand of digging (3)
 h - a wand of acid (6)
Scrolls
 d - a scroll of magic mapping


   Skills:
 + Level 3.3 Fighting
 + Level 2.4 Axes
 - Level 1.5 Dodging
 - Level 3.3 Stealth


You had one spell level left.
You didn't know any spells.
Your spell library was empty.

Dungeon Overview and Level Annotations

Branches:
Dungeon (6/15)
 Temple: D:4-7

Altars:

Shops:
D:5 =


Innate Abilities, Weirdness & Mutations

You are completely covered in rugged brown scales. (AC +3, +7% HP)
You have supernaturally acute eyesight. (SInv)
Armour fits poorly on your strangely shaped body.
You can roll at nearby foes to attack.
You have a long armoured tail.
You are dopey. (Int -2)
You are frail. (-10% HP)
Your muscles are strong. (Str +2)


Message History

The orc attacks as you move away! The orc hits you but does no damage.
The orc attacks as you move away! The orc hits you but does no damage.
The orc wizard hits you with a +0 dagger.
The orc hits you but does no damage.
The orc wizard points at you and mumbles some strange words.
The puff of flame misses you.
As you read the scroll of fog, it crumbles to dust.
The scroll dissolves into smoke.
The orc wizard closely misses you. The orc hits you with a +0 flail.
The orc attacks as you move away! The orc hits you with a +0 flail.
* * * LOW HITPOINT WARNING * * *
The orc wizard attacks as you move away!
The orc wizard hits you but does no damage.
The orc wizard attacks as you move away!
The orc wizard hits you but does no damage.
The orc wizard attacks as you move away!
The orc wizard closely misses you.
A phantom comes into view.
You feel yourself speed up.
The orc wizard hits you with a +0 dagger.
* * * LOW HITPOINT WARNING * * *
Unknown command.
It was a potion of mutation.
You feel extremely strange.
You feel resistant to poisons.
You feel stronger.
You feel clumsy.
You feel stronger. The orc wizard casts a spell at you.
You resist with significant effort.
Really quaff the potion of mutation? [Y]es or [N]o only, please.
Really quaff the potion of mutation?
Okay, then.
The orc wizard mumbles some strange words.
The orc wizard flickers and vanishes for a moment.
Really quaff the potion of mutation?
You feel extremely strange.
You feel agile.
You feel less resistant to poisons.
You feel weaker.
You feel frail.
You feel stupid.
You are too injured to fight recklessly!
The phantom hits you.
You die...

#......#......
#......##.....
#######....o.##.....
#................###
##........O..######
.............#
........o....#
##....W#+####
#####@# #.# #.# #.#
###


You could see an ogre, a phantom and 2 orcs.

Vanquished Creatures
  An adder (D:5)
1 creature vanquished.

Notes
Turn   | Place    | Note
-------+----------+-------------------------------------------
     0 | D:5      | oldriver the Palentonga Delver began the quest for the Orb.
     0 | D:5      | Reached XP level 1. HP: 19/19 MP: 1/1
    40 | D:5      | Found Jiwuvit's Jewellery Shop.
    71 | D:5      | Noticed an ogre
   258 | D:5      | Reached XP level 2. HP: 11/25 MP: 2/2
   533 | D:5      | Noticed a phantom
   535 | D:5      | HP: 1/25 [orc wizard/+0 dagger (3)]
   538 | D:5      | Gained mutation: Your system is resistant to poisons.
                  | (rPois) [potion of mutation]
   538 | D:5      | Gained mutation: Your muscles are strong. (Str +2) [potion
                  | of mutation]
   538 | D:5      | Gained mutation: You are clumsy. (Dex -2) [potion of
                  | mutation]
   538 | D:5      | Gained mutation: Your muscles are very strong. (Str +4)
                  | [potion of mutation]
   548 | D:5      | Lost mutation: You are clumsy. (Dex -2) [potion of
                  | mutation]
   548 | D:5      | Lost mutation: Your system is resistant to poisons. (rPois)
                  | [potion of mutation]
   548 | D:5      | Lost mutation: Your muscles are very strong. (Str +4)
                  | [potion of mutation]
   548 | D:5      | Gained mutation: You are frail. (-10% HP) [potion of
                  | mutation]
   548 | D:5      | Gained mutation: You are dopey. (Int -2) [potion of
                  | mutation]
   549 | D:5      | Slain by a phantom

Illustrated notes

Levels and vault maps discovered:
D:5:      layout_basic, serial_shops, shop, hangedman_abyss_or_decor_slice,
          minmay_misc_feat_plants, kennysheep_donut, nicolae_take_the_stairs,
          hex_tiny
D:6:      layout_loops_cross, zin_scriptorium, uniq_prince_ribbit1

Action                   || total
-------------------------++-------
Melee: Hand axe          ||     7
       Tailslap          ||     2
 Abil: Rolling Charge    ||     2
  Use: Scroll            ||     2
       Potion            ||     3
 Stab: Fleeing           ||     1
Armor: Leather armour    ||    10
Dodge: Dodged            ||     7

Table legend: (Time is in decaauts)
 A = Elapsed time spent in this place.
 B = Non-inter-level travel time spent in this place.
 C = Inter-level travel time spent in this place.
 D = Time resting spent in this place.
 E = Time spent auto-exploring this place.
 F = Levels seen in this place.
 G = Mean time per level.
                   A        B        C        D        E       F      G
               +--------+--------+--------+--------+--------+-----+--------+
         Total |    545 |    545 |      0 |    205 |     75 |   2 |  272.5 |
       Dungeon |    545 |    545 |      0 |    205 |     75 |   2 |  272.5 |
               +--------+--------+--------+--------+--------+-----+--------+

Top non-repeatable levels by time:
     D:5: 331 daAuts
     D:6: 213 daAuts
